 Dungeon Crawl Stone Soup version 0.31-a0-1309-gbf3fed316f (webtiles) character file.

Game seed: 9009316149926117086

414 Bnni the Digger (level 7, -4/52 HPs)
             Began as a Formicid Earth Elementalist on Dec 20, 2023.
             Slain by Fandomethor's ghost (8 damage)
             ... on level 3 of the Dungeon.
             The game lasted 00:07:55 (2646 turns).

Bnni the Digger (Formicid Earth Elementalist)       Turns: 2646, Time: 00:07:56

Health: -4/52      AC:  8    Str: 12    XL:     7   Next: 14%
Magic:  10/12      EV: 10    Int: 17    God:
Gold:   128        SH:  5    Dex: 14    Spells: 3/13 levels left

rFire   . . .        d - +0 dagger
rCold   + . .        (no shield)
rNeg    . . .        q - +0 ring mail
rPois   .            (helmet unavailable)
rElec   .            (no cloak)
rCorr   .            i - +2 pair of gloves
SInv    +            (no boots)
Will    .....        m - amulet of reflection
Stlth   +            p - ring of protection from cold
HPRegen 0.28/turn    (no ring)
MPRegen 0.13/turn

%: reflection
@: no status effects
A: permanent stasis, dig shafts and tunnels, antennae 3, four strong arms
a: Dig, Shaft Self


You were on level 3 of the Dungeon.
You visited 1 branch of the dungeon, and saw 3 of its levels.

You collected 128 gold pieces.

Inventory:

Hand Weapons
 d - a +0 dagger (weapon)
Armour
 i - a +2 pair of gloves (worn)
 q - a +0 ring mail (worn)
Jewellery
 g - a ring of ice
 m - an amulet of reflection (around neck)
 p - a ring of protection from cold (left hand)
Scrolls
 a - a scroll of silence {unknown}
 f - a scroll of blinking {unknown}
 h - 2 scrolls of fog {unknown}
 j - a scroll of vulnerability {unknown}
 k - 3 scrolls of teleportation {unknown}
 l - 3 scrolls of poison {unknown}
 n - a scroll of immolation {unknown}
 o - a scroll of identify {unknown}
 s - a scroll of revelation {unknown}
Potions
 b - a potion of magic
 c - 2 potions of lignification {unknown}
 e - 3 potions of heal wounds {unknown}
 r - a potion of degeneration {unknown}


   Skills:
 + Level 3.3 Fighting
 - Level 1.7 Dodging
 - Level 2.4 Stealth
 + Level 3.9 Spellcasting
 * Level 0.3 Conjurations
 - Level 2.0 Transmutations
 * Level 6.7 Earth Magic


You had 3 spell levels left.
You knew the following spells:

 Your Spells              Type           Power      Damage    Failure   Level
a - Sandblast             Erth           52%        2d12      2%          1
b - Passwall              Tmut/Erth      15%        N/A       9%          2
c - Stone Arrow           Conj/Erth      30%        3d8       26%         3
d - Brom's Barrelling Bo  Conj/Erth      15%        2d4       63%         4

Your spell library contained the following spells:

 Spells                   Type           Power      Damage    Failure   Level
 Momentum Strike          Conj/Tloc      6%         3d8       45%         2
 Lesser Beckoning         Tloc           6%         N/A       50%         2
 Summon Guardian Golem    Hex/Summ       3%         N/A       73%         3
 Petrify                  Tmut/Erth      18%        N/A       52%         4
 Orb of Destruction       Conj           2%         9d5       100%        7
 Spellforged Servitor     Conj/Summ      1%         N/A       100%        7
 Blink                    Tloc           Unusable   N/A       N/A         2

Dungeon Overview and Level Annotations

Branches:
Dungeon (3/15)

Altars:
Qazlal
Sif Muna
Zin

Annotations:
D:3 Fandomethor's ghost, amateur MfGl


Innate Abilities, Weirdness & Mutations

You cannot be hasted, slowed, berserked, paralysed or teleported.
You can dig through walls and to a lower floor.
You have a pair of large antennae on your head. (SInv)
Your four strong arms can wield two-handed weapons with a shield.


Message History

Fandomethor's ghost is moderately damaged.
Fandomethor's ghost closely misses you.
Aiming: Sandblast (safe; 2% risk of failure)
Press: ? - help, Q - select action, (/) - cycle Shift-Dir - straight line, f/p - Fandomethor's ghost
Aim: Fandomethor's ghost (moderately damaged, 90% to hit)
The blast of sand misses Fandomethor's ghost.
Fandomethor's ghost hits you! x2
* * * LOW HITPOINT WARNING * * *
Magic courses through your body. You block Fandomethor's ghost's attack.
Aiming: Sandblast (safe; 2% risk of failure)
Press: ? - help, Q - select action, (/) - cycle Shift-Dir - straight line, f/p - Fandomethor's ghost
Aim: Fandomethor's ghost (moderately damaged, 90% to hit)
The blast of sand hits Fandomethor's ghost but does no damage.
Fandomethor's ghost is moderately damaged.
Fandomethor's ghost hits you but does no damage.
Unknown command.
Aiming: Sandblast (safe; 2% risk of failure)
Press: ? - help, Q - select action, (/) - cycle Shift-Dir - straight line, f/p - Fandomethor's ghost
Aim: Fandomethor's ghost (moderately damaged, 90% to hit)
The blast of sand hits Fandomethor's ghost but does no damage.
Fandomethor's ghost is moderately damaged.
Fandomethor's ghost barely misses you. Fandomethor's ghost hits you.
* * * LOW HITPOINT WARNING * * *
Fandomethor's ghost attacks as it pursues you!
Fandomethor's ghost hits you!
* * * LOW HITPOINT WARNING * * *
Casting: Sandblast (safe; 2% risk of failure)
Confirm with . or Enter, or press ? or * to list all spells.
Aiming: Passwall (safe; 9% risk of failure)
Press: ? - help, Dir - move target, p - Fandomethor's ghost A rock wall.
You block Fandomethor's ghost's attack.
You begin to meditate on the wall.
You continue meditating on the rock.
Fandomethor's ghost barely misses you.
You continue meditating on the rock.
Fandomethor's ghost wails, "There is no future for me!"
Fandomethor's ghost barely misses you.
You continue meditating on the rock.
Fandomethor's ghost hits you!
You die...

#........#......J#...##.(.###
#.#......###'''###..####..#
#.#.................# #.>#
#.#.#'#.............# ####
#.#.#.##.###.....####
#.#.#.##.# ####.†# #.#<#.##.#
##.# #...#.##.#######.#
###.#..#.....@W..#
#...#..########### #.####.#
#.# #.# #.# #.# #.####.#
#......# ########


You could see Fandomethor's ghost.

Vanquished Creatures
  Grinder (D:3)
  A scorpion (D:3)
  A hound (D:3)
  6 adders
  A worm (D:3)
  A dart slug (D:3)
  4 orcs (D:3)
  7 ball pythons
  6 bats
  7 endoplasms
  2 giant cockroaches (D:1)
  4 goblins
  A hobgoblin (D:3)
  9 jackals
  10 kobolds
  2 quokkas
  3 frilled lizards
  4 rats
70 creatures vanquished.

Notes
Turn   | Place    | Note
-------+----------+-------------------------------------------
     0 | D:1      | Bnni the Formicid Earth Elementalist began the quest for
                  | the Orb.
     0 | D:1      | Reached XP level 1. HP: 13/13 MP: 3/3
    58 | D:1      | Reached XP level 2. HP: 19/20 MP: 0/5
   202 | D:1      | Reached skill level 4 in Earth Magic
   340 | D:1      | Reached XP level 3. HP: 25/25 MP: 2/6
   578 | D:1      | Reached skill level 1 in Fighting
   895 | D:2      | Reached XP level 4. HP: 32/32 MP: 4/7
  1548 | D:2      | Reached skill level 5 in Earth Magic
  1550 | D:2      | Reached XP level 5. HP: 35/38 MP: 5/9
  1642 | D:2      | Found a shimmering blue altar of Sif Muna.
  1708 | D:2      | Learned a level 2 spell: Passwall
  1712 | D:2      | Learned a level 3 spell: Stone Arrow
  1936 | D:3      | Noticed a fire elemental
  1937 | D:3      | Found a stormy altar of Qazlal.
  1946 | D:3      | Noticed an air elemental
  1946 | D:3      | Noticed a water elemental
  1982 | D:3      | Reached XP level 6. HP: 41/46 MP: 1/10
  2064 | D:3      | Noticed Grinder
  2073 | D:3      | Killed Grinder
  2074 | D:3      | Reached skill level 6 in Earth Magic
  2074 | D:3      | Reached XP level 7. HP: 29/52 MP: 5/12
  2197 | D:3      | Learned a level 4 spell: Brom's Barrelling Boulder
  2335 | D:3      | Found a runed translucent gate.
  2335 | D:3      | Noticed Fandomethor's ghost (amateur MfGl)
  2336 | D:3      | Found a runed translucent gate.
  2337 | D:3      | Found a runed translucent gate.
  2537 | D:3      | Found a glowing silver altar of Zin.
  2537 | D:3      | Noticed an angel
  2646 | D:3      | Slain by Fandomethor's ghost

Illustrated notes

Levels and vault maps discovered:
D:1:      orjb1_lava_funnel, layout_rooms, kennysheep_flooded_box
D:2:      layout_basic, basic_altar, grunt_ministairs_11,
          dreamdust_princess_bridge
D:3:      layout_basic, nicolae_qazlal_style_of_elements, zin_angel,
          gammafunk_ghost_split, uniq_grinder

Skill      XL: |  1  2  3  4  5  6 |
---------------+-------------------+-----
Earth Magic    | 4 5 6 |  6.7
Transmutations | 2 |  2.0
Fighting       | 1 2 3 |  3.3
Spellcasting   | 3 |  3.9
Dodging        | |  1.7
Stealth        | |  2.4
Conjurations   | |  0.3

Action                     |  1- 3 |  4- 6 |  7- 9 || total
---------------------------+-------+-------+-------++-------
  Melee: Unarmed           |    10 |       |       ||    10
         Punch             |     2 |       |       ||     2
         Dagger            |    22 |    37 |    12 ||    71
   Cast: Sandblast         |    41 |    46 |    29 ||   116
         Passwall          |       |       |     1 ||     1
    Use: Potion            |       |       |     1 ||     1
 Armour: Robe              |    27 |    23 |       ||    50
         Ring mail         |       |    16 |    22 ||    38
  Dodge: Dodged            |    29 |    59 |    20 ||   108
  Block: Other             |       |    22 |    10 ||    32

Table legend: (Time is in decaauts)
 A = Elapsed time spent in this place.
 B = Non-inter-level travel time spent in this place.
 C = Inter-level travel time spent in this place.
 D = Time resting spent in this place.
 E = Time spent auto-exploring this place.
 F = Levels seen in this place.
 G = Mean time per level.
                   A        B        C        D        E       F      G
               +--------+--------+--------+--------+--------+-----+--------+
         Total |   2702 |   2646 |     56 |      0 |   2117 |   3 |  900.7 |
       Dungeon |   2702 |   2646 |     56 |      0 |   2117 |   3 |  900.7 |
               +--------+--------+--------+--------+--------+-----+--------+

Top non-repeatable levels by time:
     D:2: 1000 daAuts
     D:3: 956 daAuts
     D:1: 746 daAuts
